 Dungeon Sprint DCSS version 0.28.0-43-g3370ac3207 (webtiles) character file.

Game seed: 4148321859139831154

6915 cbfl8 the Severer (level 10, -1/114 HPs)
             Began as a Minotaur Berserker on Mar 1, 2022.
             Was the Champion of Trog.
             Succumbed to Grum's poison
             ... in the Dungeon (Sprint IX: "|||||||||||||||||||||||||||||").
             The game lasted 00:04:14 (1798 turns).

cbfl8 the Severer (Minotaur Berserker)              Turns: 1798, Time: 00:04:14

Health: -1/114     AC:  0    Str: 24    XL:     10   Next: 79%
Magic:  9/9        EV: 18    Int:  4    God:    Trog [******]
Gold:   5          SH:  0    Dex: 12    Spells: 9/9 levels left

rFire   . . .      SeeInvis .   (weapon currently unavailable)
rCold   . . .      Faith    .   (shield currently unavailable)
rNeg    . . .      Spirit   .   (armour currently unavailable)
rPois   .          Reflect  .   (helmet currently unavailable)
rElec   .          Harm     .   (cloak currently unavailable)
rCorr   .          Rampage  .   (gloves currently unavailable)
Will    .....      NoTele   +   (boots currently unavailable)
Stlth   ++........              (no amulet)
HPRegen 0.29/turn               (ring currently unavailable)
MPRegen 0.11/turn               (ring currently unavailable)

@: lethally poisoned (-1 -> -11), pig-form, on berserk cooldown, slowed
A: fast, no casting, small, (horns 2), (retaliatory headbutt)
a: Renounce Religion, Berserk, Trog's Hand, Brothers in Arms


You were in the Dungeon.
You worshipped Trog.
Trog was exalted by your worship.
You were a filthy swine.
You visited 1 branch You collected 5 gold pieces.

Inventory:

Hand Weapons
 a - a +0 hand axe
 l - the +3 war axe of Benevolence (melded) {elec, Fragile rN+++ Str+4 Int+4}
   (You found it in the Dungeon)

   It occasionally discharges a powerful burst of electricity upon striking a
   foe.
   Str:       It affects your strength (+4).
   Int:       It affects your intelligence (+4).
   rN:        It renders you almost immune to negative energy.
   Fragile:   It will be destroyed if unequipped.
 r - a +0 dagger
 t - the +10 executioner's axe "Loisoomu" {vorpal, Will+ Dex+4}
   (Trog gifted it to you in the Dungeon)

   It inflicts extra damage upon your enemies.
   Dex:       It affects your dexterity (+4).
   Will:      It increases your willpower.
Armour
 b - a +0 animal skin
 m - a +0 cloak (melded)
 n - a +0 pair of gloves (melded)
 o - a +3 scale mail (melded)
Jewellery
 p - a +3 ring of strength (melded)
 q - a +3 ring of intelligence (melded)
Wands
 k - a wand of iceblast (10)
Scrolls
 g - a scroll of identify
 h - 4 scrolls of blinking
 j - 2 scrolls of amnesia
 u - 2 scrolls of fog
 v - 2 scrolls of enchant weapon
Potions
 c - 5 potions of curing
 d - a potion of invisibility
 e - a potion of haste
 f - 4 potions of magic
 i - 10 potions of heal wounds
 s - a potion of might
 w - 2 potions of degeneration


   Skills:
 + Level 18.6 Fighting
 + Level 19.8 Axes
 + Level 12.2 Armour
 + Level 8.7 Dodging
 + Level 2.0 Stealth
 + Level 0.8 Unarmed Combat


You had 9 spell levels left.
You didn't know any spells.
Your spell library was empty.

Dungeon Overview and Level Annotations

Branches:
Dungeon (1/1)

Altars:
Cheibriados
Dithmenos
Elyvilon
Fedhas
Gozag
Hepliaklqana
Kikubaaqudgha
Makhleb
Nemelex Xobeh
Okawaru
Qazlal
Ru
Sif Muna
Trog
Uskayaw
Vehumet
Wu Jian
Xom
Yredelemnul
Zin
The Shining One
Beogh
Jiyva
Lugonu

Annotations:
D Grum


Innate Abilities, Weirdness & Mutations

You are a filthy swine.
You move quickly.
Your equipment is almost entirely melded.
You are incapable of wielding weapons or throwing items.
You cannot cast spells.
((You have a pair of horns on your head.))
((You reflexively headbutt those who attack you in melee.))


Message History

You feel very sick. Grum barely misses you.
Unknown command.
You barely miss Joseph.
Joseph is almost dead.
You feel very sick. Joseph hits you with a +0 quarterstaff!
* * * LOW HITPOINT WARNING * * *
Unknown command.
You closely miss Joseph.
Joseph is almost dead.
You feel very sick.
Grum hits you from afar with a +1 spear of venom!!
* * * LOW HITPOINT WARNING * * *
Joseph hits you with a +0 quarterstaff!
* * * LOW HITPOINT WARNING * * *
You are too berserk!
You are too berserk!
You are too berserk!
You are too berserk!
Okay, then.
You bite Joseph!
You feel the power of Trog in you as your rage grows.
You kill Joseph!
Trog accepts your kill.
* * * LOW HITPOINT WARNING * * *
You feel sick.
Your Stealth skill increases to level 2!
You are too berserk!
* * * LOW HITPOINT WARNING * * *
You feel sick.
You feel a strong urge to attack something.
* * * LOW HITPOINT WARNING * * *
You feel sick.
* * * LOW HITPOINT WARNING * * *
You feel sick.
You feel your anger nearly subside.
You are no longer berserk.
You are exhausted.
You feel yourself slow down.
You die...

▓▓▓▓▓▓▓▓▓▓▓▓▓▓▓▓▓▓▓▓▓▓▓▓▓▓▓▓
....hh)g...h................
▓▓▓▓▓▓▓▓▓▓▓▓▓▓▓▓▓▓▓▓▓▓▓▓▓▓▓▓▓▓▓▓▓
.......††.††.÷....[['..[[[[..'...
▓▓▓▓▓▓▓▓▓▓▓▓▓▓▓▓▓▓▓▓▓▓▓▓▓▓▓▓▓▓▓▓▓
.................................
▓▓▓▓▓▓▓▓▓▓▓▓▓▓▓▓▓▓▓▓▓▓▓▓▓▓▓▓▓▓▓▓▓
_______'..)......[))))..†).....'.
▓▓▓▓▓▓▓▓▓▓▓▓▓▓▓▓▓▓▓▓▓▓▓▓▓▓▓▓▓▓▓▓▓


You could see Grum and 2 wolves.

Vanquished Creatures
  2 lindwurms (D)
  Joseph (D)
  An elephant (D)
  4 cane toads (D)
  2 komodo dragons (D)
  A troll (D)
  A tyrant leech (D)
  A wyvern (D)
  2 yaks (D)
  A basilisk (D)
  2 water moccasins (D)
  An orc warrior (D)
  2 centaurs (D)
  A phantom (D)
  5 bullfrogs (D)
  A killer bee (D)
  A wight (D)
  A hound (D)
  An iguana (D)
  A white imp (D)
  5 worms (D)
  A bat (D)
  A goblin (D)
  A hobgoblin (D)
  A ball python zombie (D)
  A frilled lizard (D)
  A rat (D)
43 creatures vanquished.

Vanquished Creatures (collateral kills)
  A deep elf pyromancer (D)
  2 manticores (D)
  An ugly thing (D)
  A vampire mosquito (D)
  An orc wizard (D)
6 creatures vanquished.

Grand Total: 49 creatures vanquished

Notes
Turn   | Place    | Note
-------+----------+-------------------------------------------
     0 | D        | cbfl8 the Minotaur Berserker began the quest for the Orb.
     0 | D        | Reached XP level 1. HP: 19/19 MP: 0/0
    10 | D        | Reached skill level 4 in Axes
    14 | D        | Reached ** piety under Trog
   217 | D        | Noticed a hound
   217 | D        | Noticed an iguana
   217 | D        | Noticed a phantom
   221 | D        | Killed a hound
   222 | D        | Reached skill level 5 in Fighting
   222 | D        | Reached skill level 6 in Axes
   222 | D        | Reached XP level 2. HP: 14/30 MP: 1/1
   222 | D        | Reached XP level 3. HP: 18/37 MP: 2/2
   225 | D        | Reached *** piety under Trog
   228 | D        | Reached skill level 7 in Axes
   235 | D        | Killed a phantom
   236 | D        | Reached skill level 8 in Axes
   236 | D        | Reached XP level 4. HP: 30/48 MP: 3/3
   236 | D        | Reached XP level 5. HP: 33/53 MP: 4/4
   506 | D        | Found a snail-covered altar of Cheibriados.
   506 | D        | Found a shadowy altar of Dithmenos.
   506 | D        | Found a white marble altar of Elyvilon.
   506 | D        | Found a blossoming altar of Fedhas.
   506 | D        | Found an opulent altar of Gozag.
   507 | D        | Found a hazy altar of Hepliaklqana.
   508 | D        | Found a viscous altar of Jiyva.
   509 | D        | Found an ancient bone altar of Kikubaaqudgha.
   510 | D        | Found a corrupted altar of Lugonu.
   511 | D        | Found a burning altar of Makhleb.
   512 | D        | Found a sparkling altar of Nemelex Xobeh.
   513 | D        | Found an iron altar of Okawaru.
   514 | D        | Found a stormy altar of Qazlal.
   515 | D        | Found a sacrificial altar of Ru.
   516 | D        | Found a shimmering blue altar of Sif Muna.
   517 | D        | Found a bloodstained altar of Trog.
   518 | D        | Found a hide-covered altar of Uskayaw.
   519 | D        | Found a radiant altar of Vehumet.
   520 | D        | Found an ornate altar of the Wu Jian Council.
   521 | D        | Found a shimmering altar of Xom.
   522 | D        | Found a basalt altar of Yredelemnul.
   523 | D        | Found a glowing silver altar of Zin.
   524 | D        | Found a glowing golden altar of the Shining One.
   541 | D        | Got the +3 war axe of Benevolence {elec, Fragile rN+++
                  | Str+4 Int+4}
   580 | D        | Noticed a troll
   580 | D        | Noticed a centaur
   580 | D        | Noticed an orc warrior
   580 | D        | Noticed a centaur
   587 | D        | Killed a troll
   587 | D        | Reached **** piety under Trog
   588 | D        | Reached skill level 10 in Fighting
   588 | D        | Reached skill level 11 in Axes
   588 | D        | Reached skill level 5 in Dodging
   588 | D        | Reached XP level 6. HP: 67/67 MP: 5/5
   594 | D        | Reached skill level 12 in Axes
   594 | D        | Reached XP level 7. HP: 74/74 MP: 6/6
   639 | D        | Noticed a deep elf pyromancer
   639 | D        | Noticed a manticore
   639 | D        | Noticed a vampire mosquito
   639 | D        | Noticed a manticore
   639 | D        | Noticed a white ugly thing
   644 | D        | Killed a deep elf pyromancer
   645 | D        | Reached skill level 14 in Axes
   645 | D        | Reached skill level 1 in Stealth
   645 | D        | Reached XP level 8. HP: 86/86 MP: 7/7
   646 | D        | Killed a manticore
   647 | D        | Reached skill level 15 in Axes
   648 | D        | Killed a manticore
   649 | D        | Reached skill level 15 in Fighting
   649 | D        | Reached XP level 9. HP: 97/97 MP: 8/8
   650 | D        | Killed a white ugly thing
   650 | D        | Reached ***** piety under Trog
   651 | D        | Reached skill level 16 in Axes
   788 | D        | Noticed a cane toad
   798 | D        | Received a gift from Trog
   799 | D        | Reached skill level 17 in Axes
   802 | D        | Reached skill level 10 in Armour
   805 | D        | Killed a cane toad
   886 | D        | Noticed a komodo dragon
   886 | D        | Noticed a cane toad
   886 | D        | Noticed a komodo dragon
   886 | D        | Noticed an elephant
   887 | D        | Noticed a cane toad
   889 | D        | Killed a komodo dragon
   892 | D        | Killed a cane toad
   893 | D        | Reached skill level 18 in Axes
   893 | D        | Reached XP level 10. HP: 111/111 MP: 9/9
   893 | D        | Noticed a cane toad
   897 | D        | Killed an elephant
   897 | D        | Reached ****** piety under Trog
   899 | D        | Received a gift from Trog
   902 | D        | Killed a cane toad
   910 | D        | Killed a cane toad
   911 | D        | Reached skill level 19 in Axes
  1353 | D        | Noticed a lindwurm
  1355 | D        | Noticed a lindwurm
  1373 | D        | Killed a lindwurm
  1376 | D        | Killed a lindwurm
  1376 | D        | Identified the +10 executioner's axe "Loisoomu" {vorpal,
                  | Will+ Dex+4} (Trog gifted it to you in the Dungeon)
  1376 | D        | Received a gift from Trog
  1769 | D        | Noticed Joseph
  1774 | D        | Noticed Grum
  1793 | D        | HP: 5/171 [Joseph/+0 quarterstaff (15)]
  1794 | D        | Killed Joseph
  1796 | D        | HP: 2/171 [poisoned by Grum]
  1798 | D        | Succumbed to Grum's poison

Illustrated notes

Levels and vault maps discovered:
D:        linesprint [early_d, line_temple, items_1, d_10, items_2, lair_1,
          lair_end, items_3, orc_1, orc_end, items_4, d_15, swamp_1, shoals_1,
          snake_1, spider_1, d_20, vaults_1, items_5, swamp_end, shoals_end,
          snake_end, spider_end, vaults_end, d_27, items_6, zot_1, zot_end,
          crypt_end, forest_end, elf_end, slime_end, tomb_end, abyss_end,
          pan_hell_end]

Skill      XL: |  1  2  3  4  5  6  7  8  9 10 |
---------------+-------------------------------+-----
Fighting       | 5 8 10 11 13 15 17 18 | 18.6
Axes           | 6 8 11 12 14 15 18 19 | 19.8
Armour         | 3 4 6 8 9 10 12 | 12.2
Dodging        | 3 4 5 6 8 |  8.7
Stealth        | 1 2 |  2.0
Unarmed Combat | |  0.8

Action                   |  1- 3 |  4- 6 |  7- 9 | 10-12 || total
-------------------------+-------+-------+-------+-------++-------
Melee: Hand axe          |    30 |     1 |       |       ||    31
       Headbutt          |     4 |     1 |     5 |     4 ||    14
       War axe           |       |     9 |    31 |    33 ||    73
       Unarmed           |       |       |       |    18 ||    18
Invok: Berserk           |     1 |     1 |     1 |     2 ||     5
       Trog's Hand       |       |     1 |     1 |       ||     2
       Brothers in Arms  |       |       |     1 |       ||     1
  Use: Potion            |     1 |       |     1 |       ||     2
       Scroll            |       |       |     2 |       ||     2
Armor: Animal skin       |     5 |     1 |       |       ||     6
       Scale mail        |       |     4 |     9 |     8 ||    21
Dodge: Dodged            |    11 |    10 |    11 |    29 ||    61
